 Dungeon Crawl Stone Soup version 0.29-a0-998-g1987434951 (webtiles) character file.

Game seed: 55493971315572854

126 xian the Caller (level 5, -2/37 HPs)
             Began as a Gnoll Summoner on Aug 5, 2022.
             Slain by a gnoll
             ... wielding a +0 spear
             ... led by a gnoll bouda
              (4 damage)
             ... on level 4 of the Dungeon.
             The game lasted 00:13:03 (2503 turns).

xian the Caller (Gnoll Summoner)                    Turns: 2503, Time: 00:13:04

Health: -2/37      AC:  3    Str:  7    XL:     5   Next: 9%
Magic:  9/12       EV: 12    Int: 17    God:
Gold:   5          SH:  5    Dex: 12    Spells: 5/14 levels left

rFire   . . .      SeeInvis .   c - +0 dagger
rCold   . . .      Faith    .   (no shield)
rNeg    . . .      Spirit   .   m - +0 leather armour
rPois   .          Reflect  +   (no helmet)
rElec   .          Harm     .   (no cloak)
rCorr   .          Rampage  .   (no gloves)
Will    .....                   (no boots)
Stlth   ++........              g - amulet of reflection
HPRegen 0.12/turn               (no ring)
MPRegen 0.13/turn               (no ring)

@: no status effects
A: fangs 1, strong nose, distributed training
a: no special abilities


You were on level 4 of the Dungeon.
You visited 1 branch of the dungeon, and saw 4 of its levels.

You collected 137 gold pieces.
You spent 132 gold pieces at shops.

Inventory:

Hand Weapons
 c - a +0 dagger (weapon)
Armour
 j - a +2 scale mail of cold resistance
 m - a +0 leather armour (worn)
Jewellery
 g - an amulet of reflection (around neck)
Scrolls
 d - 2 scrolls of amnesia
 h - 4 scrolls of vulnerability
 i - a scroll of immolation {unknown}
 l - a scroll of brand weapon
 n - 2 scrolls of teleportation
 p - a scroll of poison
Potions
 a - a potion of resistance
 b - a potion of magic
 e - 2 potions of ambrosia
 f - a potion of cancellation
 o - a potion of curing {unknown}


   Skills:
 + Level 1.4 Fighting
 + Level 1.4 Short Blades
 + Level 1.4 Long Blades
 + Level 1.4 Axes
 + Level 1.4 Maces & Flails
 + Level 1.4 Polearms
 + Level 1.4 Staves
 + Level 1.4 Ranged Weapons
 + Level 1.4 Throwing
 + Level 1.4 Armour
 + Level 4.7 Dodging
 + Level 4.4 Stealth
 + Level 1.4 Shields
 + Level 1.4 Unarmed Combat
 + Level 5.2 Spellcasting
 + Level 1.1 Conjurations
 + Level 1.1 Hexes
 + Level 7.2 Summonings
 + Level 1.1 Necromancy
 + Level 1.1 Translocations
 + Level 1.1 Transmutations
 + Level 1.1 Fire Magic
 + Level 1.1 Ice Magic
 + Level 1.1 Air Magic
 + Level 1.1 Earth Magic
 + Level 1.1 Poison Magic
 + Level 1.6 Invocations
 + Level 1.4 Evocations


You had 5 spell levels left.
You knew the following spells:

 Your Spells              Type           Power      Damage    Failure   Level
a - Summon Small Mammal   Summ           100%       N/A       1%          1
b - Call Imp              Summ           28%        N/A       1%          2
c - Call Canine Familiar  Summ           28%        N/A       3%          3
d - Summon Guardian Gole  Hex/Summ       18%        N/A       11%         3

Your spell library contained the following spells:

 Spells                   Type           Power      Damage    Failure   Level
 Confusing Touch          Hex            8%         N/A       36%         3
 Summon Lightning Spire   Summ/Air       18%        N/A       36%         4
 Yara's Violent Unravell  Hex/Tmut       4%         3d4       98%         5
 Enfeeble                 Hex            4%         N/A       100%        7


Dungeon Overview and Level Annotations

Branches:
Dungeon (4/15)
 Temple: D:4-7

Altars:
Fedhas
Xom

Shops:
D:4 ?(

Annotations:
D:3 3 runed translucent doors, pigah's ghost, amateur OpAE


Innate Abilities, Weirdness & Mutations

You have very sharp teeth.
Your uncanny sense of smell can sniff out nearby items.
Your experience applies equally to all skills.


Message History

Your hound closely misses the gnoll.
The gnoll barely misses you.
Your hound bites the gnoll.
The gnoll hits your hound with a +0 club.
The gnoll barely misses you. The gnoll closely misses you.
Your white imp misses the gnoll.
You hit the gnoll bouda but do no damage.
Your bat barely misses the gnoll bouda.
The gnoll bouda hits your bat with a +0 whip.
Your bat dies!
Your bat's corpse disappears in a puff of smoke!
The gnoll completely misses you.
Your hound bites the gnoll.
The gnoll barely misses your hound. You block the gnoll's attack.
The gnoll closely misses you.
You hit the gnoll bouda.
The gnoll bouda is lightly wounded.
Your hound bites the gnoll.
The gnoll dies!
Your rat closely misses the gnoll.
Your white imp gestures at the gnoll bouda.
The puff of frost hits the gnoll bouda.
The gnoll barely misses you. You block the gnoll's attack.
The gnoll hits you from afar with a +0 spear.
You hit the gnoll bouda but do no damage.
The gnoll bouda is moderately wounded.
Your rat bites the gnoll.
The gnoll hits you from afar with a +0 spear.
The gnoll bouda hits you with a +0 whip!
The gnoll closely misses you.
You barely miss the gnoll bouda.
The gnoll bouda is moderately wounded.
Your hound barely misses the gnoll bouda.
The gnoll hits you from afar with a +0 spear!
* * * LOW HITPOINT WARNING * * *
Your rat bites the gnoll.
The gnoll barely misses you.
The gnoll bouda hits you with a +0 whip.
* * * LOW HITPOINT WARNING * * *
Your hound closely misses the gnoll bouda.
You swap places.
The gnoll hits you from afar with a +0 spear.
You die...

#.####.# # #......#
.. #..!...# ...
#......#
...#......#
...gggr.#
#######..h..#
#.......@5g.#
#######.###########
.........r(......
.#######..######.
.#....S#.........
.#.∩.>.#..#....#.
.#.....#..#....#
.#######..# ...#
#.......#.# ...#


You could see a gnoll bouda (ally target), 3 gnolls, a friendly hound
(summoned), a friendly white imp (summoned) and a friendly rat (summoned).

Vanquished Creatures
  A dart slug (D:1)
  A giant cockroach (D:4)
  2 hobgoblins (D:2)
  A ball python (D:1)
  A frilled lizard (D:1)
6 creatures vanquished.

Vanquished Creatures (collateral kills)
  An iguana (D:2)
  A gnoll (D:4)
  3 adders
  A dart slug (D:4)
  4 endoplasms
  2 giant cockroaches (D:1)
  4 goblins
  8 hobgoblins
  9 kobolds
  2 quokkas
  6 ball pythons
  4 bats
  6 rats
51 creatures vanquished.

Vanquished Creatures (others)
  A plant (D:2)
1 creature vanquished.

Grand Total: 58 creatures vanquished

Notes
Turn   | Place    | Note
-------+----------+-------------------------------------------
     0 | D:1      | xian the Gnoll Summoner began the quest for the Orb.
     0 | D:1      | Reached XP level 1. HP: 13/13 MP: 6/6
   119 | D:1      | Found a faded altar of an unknown god.
   176 | D:1      | Reached XP level 2. HP: 19/19 MP: 5/7
   457 | D:1      | Learned a level 2 spell: Call Imp
   751 | D:1      | Reached skill level 5 in Spellcasting
   751 | D:1      | Reached XP level 3. HP: 23/25 MP: 4/9
  1039 | D:2      | Learned a level 3 spell: Call Canine Familiar
  1132 | D:2      | Reached skill level 1 in Invocations
  1133 | D:2      | Reached skill level 1 in Fighting
  1133 | D:2      | Reached skill level 1 in Short Blades
  1133 | D:2      | Reached skill level 1 in Long Blades
  1133 | D:2      | Reached skill level 1 in Axes
  1133 | D:2      | Reached skill level 1 in Maces & Flails
  1133 | D:2      | Reached skill level 1 in Polearms
  1133 | D:2      | Reached skill level 1 in Staves
  1133 | D:2      | Reached skill level 1 in Ranged Weapons
  1133 | D:2      | Reached skill level 1 in Throwing
  1133 | D:2      | Reached skill level 1 in Armour
  1133 | D:2      | Reached skill level 1 in Shields
  1133 | D:2      | Reached skill level 1 in Unarmed Combat
  1133 | D:2      | Reached skill level 1 in Evocations
  1432 | D:2      | Reached XP level 4. HP: 32/32 MP: 6/11
  1693 | D:2      | Reached skill level 1 in Conjurations
  1693 | D:2      | Reached skill level 1 in Hexes
  1693 | D:2      | Reached skill level 1 in Necromancy
  1693 | D:2      | Reached skill level 1 in Translocations
  1693 | D:2      | Reached skill level 1 in Transmutations
  1693 | D:2      | Reached skill level 1 in Fire Magic
  1693 | D:2      | Reached skill level 1 in Ice Magic
  1693 | D:2      | Reached skill level 1 in Air Magic
  1693 | D:2      | Reached skill level 1 in Earth Magic
  1693 | D:2      | Reached skill level 1 in Poison Magic
  2232 | D:3      | Found a runed translucent gate.
  2233 | D:3      | Found a runed translucent gate.
  2234 | D:3      | Found a runed translucent gate.
  2257 | D:3      | Learned a level 3 spell: Summon Guardian Golem
  2372 | D:3      | Noticed pigah's ghost (amateur OpAE)
  2375 | D:3      | Identified the +0 scale mail of Faydyibb {rElec rC+ Regen+
                  | rCorr}
  2397 | D:4      | Found a shimmering altar of Xom.
  2411 | D:4      | Found Foriosa's Magic Scroll Emporium.
  2429 | D:4      | Bought a scroll of identify for 24 gold pieces
  2429 | D:4      | Bought a scroll of identify for 24 gold pieces
  2429 | D:4      | Bought a scroll of teleportation for 36 gold pieces
  2429 | D:4      | Bought a scroll of poison for 48 gold pieces
  2437 | D:4      | Found a blossoming altar of Fedhas.
  2456 | D:4      | Found Hoemanyx's Weapon Emporium.
  2456 | D:4      | Noticed a water moccasin
  2470 | D:4      | Reached XP level 5. HP: 37/37 MP: 10/12
  2502 | D:4      | HP: 1/37 [gnoll bouda/+0 whip (5)]
  2503 | D:4      | Slain by a gnoll

Illustrated notes

Levels and vault maps discovered:
D:1:      dpeg_arrival_long_road, layout_loops_ring,
          ebering_ecumenical_altar_rust, hangedman_abyss_or_decor_lesser_grid,
          minmay_strange_pillars, feat_on_display
D:2:      cheibrodos_old_hovel, layout_basic
D:3:      layout_loops_ring, biasface_ghost_orc_armoury
D:4:      layout_basic, mainiacjoe_overflow_large_starburst, serial_shops,
          nicolae_take_the_stairs, shop, shop

Skill      XL: |  1  2  3  4 |
---------------+-------------+-----
Spellcasting   | 5 |  5.2
Invocations    | 1 |  1.6
Fighting       | 1 |  1.4
Short Blades   | 1 |  1.4
Long Blades    | 1 |  1.4
Axes           | 1 |  1.4
Maces & Flails | 1 |  1.4
Polearms       | 1 |  1.4
Staves         | 1 |  1.4
Ranged Weapons | 1 |  1.4
Throwing       | 1 |  1.4
Armour         | 1 |  1.4
Shields        | 1 |  1.4
Unarmed Combat | 1 |  1.4
Evocations     | 1 |  1.4
Conjurations   | 1 |  1.1
Hexes          | 1 |  1.1
Necromancy     | 1 |  1.1
Translocations | 1 |  1.1
Transmutations | 1 |  1.1
Fire Magic     | 1 |  1.1
Ice Magic      | 1 |  1.1
Air Magic      | 1 |  1.1
Earth Magic    | 1 |  1.1
Poison Magic   | 1 |  1.1
Dodging        | |  4.7
Stealth        | |  4.4
Summonings     | |  7.2

Action                   |  1- 3 |  4- 6 || total
-------------------------+-------+-------++-------
Melee: Dagger            |    24 |     6 ||    30
       Unarmed           |     1 |       ||     1
       Bite              |     3 |       ||     3
       Punch             |     1 |       ||     1
 Cast: Summon Small Mamm |    36 |    12 ||    48
       Call Imp          |     9 |    10 ||    19
       Call Canine Famil |     3 |     8 ||    11
  Use: Scroll            |       |     7 ||     7
 Stab: Sleeping          |       |     1 ||     1
Armor: Robe              |     8 |       ||     8
       Leather armour    |       |     6 ||     6
Dodge: Dodged            |    25 |    23 ||    48
Block: Other             |     4 |     8 ||    12
       Reflection        |     1 |       ||     1

Table legend: (Time is in decaauts)
 A = Elapsed time spent in this place.
 B = Non-inter-level travel time spent in this place.
 C = Inter-level travel time spent in this place.
 D = Time resting spent in this place.
 E = Time spent auto-exploring this place.
 F = Levels seen in this place.
 G = Mean time per level.
                   A        B        C        D        E       F      G
               +--------+--------+--------+--------+--------+-----+--------+
         Total |   2500 |   2500 |      0 |      0 |   1357 |   4 |  625.0 |
       Dungeon |   2500 |   2500 |      0 |      0 |   1357 |   4 |  625.0 |
               +--------+--------+--------+--------+--------+-----+--------+

Top non-repeatable levels by time:
     D:1: 991 daAuts
     D:2: 762 daAuts
     D:3: 641 daAuts
     D:4: 105 daAuts
